 Dungeon Crawl Stone Soup version 0.30-a0-808-g6e0788376e (webtiles) character file.

Game seed: 2942633287128683014

168 Lobster4 the Ducker (level 5, 0/38 HPs)
             Began as a Djinni Hedge Wizard on Feb 26, 2023.
             Slain by a river rat (6 damage)
             ... in a sewer.
             The game lasted 00:06:54 (2462 turns).

Lobster4 the Ducker (Djinni Hedge Wizard)           Turns: 2462, Time: 00:06:55

Health: 0/38       AC:  4    Str:  9    XL:     5   Next: 78%
Gold:   149        EV: 13    Int: 17    God:
                   SH:  0    Dex: 19

rFire   + + .      SeeInvis .    l - +1 dagger (antimagic)
rCold   x . .      Faith    .    (no shield)
rNeg    . . .      Spirit   .    b - +0 robe
rPois   ∞          Reflect  .    y - +1 hat
rElec   .          Harm     .    (no cloak)
rCorr   .          Rampage  .    s - +0 pair of gloves
Will    .....                    (boots unavailable)
Stlth   ++                       (no amulet)
HPRegen 0.26/turn                i - +6 ring of dexterity
MPRegen 0.00/turn                (no ring)

@: flying
A: sickness immunity, fire resistance 2, cold vulnerability 1, float, innate
caster, HP casting, extra vitality 1
a: no special abilities


You were in a sewer.
You visited 1 branch of the dungeon, and saw 3 of its levels.
You also visited: Sewer.

You collected 149 gold pieces.

Inventory:

Hand Weapons
 a - a +0 dagger
 h - a +0 short sword
 l - a +1 antimagic dagger (weapon)
 q - a +1 sling
Missiles
 f - 8 poisoned darts
 m - 6 javelins
Armour
 b - a +0 robe (worn)
 c - a +0 hat
 s - a +0 pair of gloves (worn)
 y - a +1 hat (worn)
Jewellery
 i - a +6 ring of dexterity (left hand)
Scrolls
 d - 2 scrolls of torment {unknown}
 e - 2 scrolls of teleportation
 j - a scroll of butterflies {unknown}
 k - 2 scrolls of magic mapping
 o - a scroll of enchant armour {unknown}
 p - a scroll of immolation {unknown}
 r - a scroll of enchant weapon
 t - a scroll of noise {unknown}
 u - a scroll of brand weapon {unknown}
 v - a scroll of vulnerability {unknown}
 w - a scroll of silence {unknown}
 x - a scroll of fear {unknown}
Potions
 g - a potion of heal wounds
 n - a potion of curing {unknown}
 z - 2 potions of mutation
 A - 2 potions of degeneration


   Skills:
 + Level 2.1 Fighting
 - Level 1.0 Short Blades
 + Level 2.0 Armour
 + Level 3.3 Dodging
 - Level 2.0 Stealth
 + Level 3.0 Spellcasting


You knew the following spells:

 Your Spells              Type           Power      Damage    Failure   Level
a - Magic Dart            Conj           48%        1d5       4%          1
b - Sandblast             Erth           24%        2d8       4%          1
c - Slow                  Hex            48%        N/A       4%          1
d - Call Imp              Summ           12%        N/A       8%          2
e - Mephitic Cloud        Conj/Pois/Air  12%        N/A       16%         3
f - Blink                 Tloc           24%        N/A       8%          2
g - Static Discharge      Conj/Air       24%        2-3/arc   8%          2
Your spell library was empty.

Dungeon Overview and Level Annotations

Branches:
Dungeon (3/15)              Sewer (1/1)

Altars:


Innate Abilities, Weirdness & Mutations

You are immune to sickness and miasma.
You are immune to poison.
Your flesh is very heat resistant. (rF++)
You are vulnerable to cold. (rC-)
You float through the air rather than walking.
You learn spells naturally, not from books.
Your magical power is your life essence.
You have superior vitality. (+4 MHP)


Message History

The river rat bites you. The river rat completely misses you.
Casting: Sandblast (safe; 4% risk of failure)
Confirm with . or Enter, or press ? or * to list all spells.
Aiming: Sandblast (safe; 4% risk of failure)
Press: ? - help, Shift-Dir - straight line, f/p - river rat
Aim: a river rat (severely wounded, 80% to hit)
The blast of sand hits the river rat but does no damage.
The river rat is severely wounded.
The river rat misses you. x2; The river rat bites you.
Casting: Sandblast (safe; 4% risk of failure)
Confirm with . or Enter, or press ? or * to list all spells.
Aiming: Sandblast (safe; 4% risk of failure)
Press: ? - help, Shift-Dir - straight line, f/p - river rat
Aim: a river rat (severely wounded, 80% to hit)
The blast of sand hits the river rat but does no damage.
The river rat is severely wounded.
The river rat misses you. The river rat closely misses you. x2
The river rat misses you. The river rat bites you.
The river rat closely misses you. The river rat bites you!
Casting: Sandblast (safe; 4% risk of failure)
Confirm with . or Enter, or press ? or * to list all spells.
Aiming: Sandblast (safe; 4% risk of failure)
Press: ? - help, Shift-Dir - straight line, f/p - river rat
Aim: a river rat (severely wounded, 80% to hit)
The blast of sand hits the river rat.
The river rat is severely wounded.
The river rat bites you. The river rat barely misses you.
Casting: Sandblast (safe; 4% risk of failure)
Confirm with . or Enter, or press ? or * to list all spells.
Aiming: Sandblast (safe; 4% risk of failure)
Press: ? - help, Shift-Dir - straight line, f/p - river rat
Aim: a river rat (severely wounded, 80% to hit)
The blast of sand hits the river rat but does no damage.
The river rat is severely wounded.
* * * LOW HITPOINT WARNING * * *
The river rat barely misses you. The river rat bites you.
* * * LOW HITPOINT WARNING * * *
The river rat completely misses you. The river rat bites you.
You die...

# #.≈~~~~~~.~~~~~.~~~.~~~.~~~~≈ #
#.≈~≈≈≈≈≈≈≈≈≈≈≈≈≈≈≈≈≈≈≈≈≈≈≈.≈ #
#~≈..~~~~~~.~~.~~~~.~~~~~~~~≈ #
#~≈†#######################~≈ #
#~≈~# ###### ###### #~≈ # #†≈.#
#....# #....# #~≈ # #~≈~#
#####''#####†'#####~≈ # #~≈~#
#∩...r.........~.~~~~ # #.≈~#
#∩..@r..........~~†~~ # #~≈~#
#####r'#####''#####~≈ # #~≈~#
....# #....# #~≈ # #~≈~# ######
###### #~≈
#####~≈~#######################~≈
~.~~~~.~~.~.~~~.~.~~†~~~~~.~.~~~≈
≈≈≈≈≈≈≈≈≈≈≈≈≈≈≈≈≈≈≈≈≈≈≈≈≈≈≈≈≈≈≈≈≈
~.~~.~~.~†..~..~~~.~~~~~..~.~~~~~
#################################


You could see 3 river rats.

Vanquished Creatures
  A gnoll (D:1)
  9 adders
  4 worms
  4 endoplasms
  5 giant cockroaches
  4 hobgoblins
  A jackal (Sewer)
  2 quokkas
  6 ball pythons
  3 bats
  7 frilled lizards
  5 goblins
  7 kobolds
  21 rats
79 creatures vanquished.

Vanquished Creatures (others)
  3 plants (D:1)
3 creatures vanquished.

Grand Total: 82 creatures vanquished

Notes
Turn   | Place    | Note
-------+----------+-------------------------------------------
     0 | D:1      | Lobster4 the Djinni Hedge Wizard began the quest for the
                  | Orb.
     0 | D:1      | Lobster4 set off with the following spells memorised: Magic
                  | Dart, Slow, Blink, Call Imp, Mephitic Cloud.
     0 | D:1      | Reached XP level 1. HP: 15/15 MP: 0/0
   245 | D:1      | Reached XP level 2. HP: 10/22 MP: 0/0
   564 | D:1      | Reached XP level 3. HP: 6/26 MP: 0/0
   564 | D:1      | Learned a level 1 spell: Sandblast
  1012 | D:2      | Reached skill level 1 in Fighting
  1012 | D:2      | Reached skill level 1 in Armour
  1160 | D:2      | Reached XP level 4. HP: 28/32 MP: 0/0
  1426 | D:2      | Reached skill level 1 in Short Blades
  1975 | D:3      | Reached XP level 5. HP: 34/38 MP: 0/0
  1975 | D:3      | Learned a level 2 spell: Static Discharge
  1993 | D:3      | Found a glowing drain.
  2005 | Sewer    | Entered a sewer
  2462 | Sewer    | Slain by a river rat

Illustrated notes

Levels and vault maps discovered:
D:1:      saegor_arrival_simple_a, layout_loops_ring, grunt_decor_arrowhead,
          minmay_misc_feat_nine_boxes, nicolae_grassy_gnolls
D:2:      layout_loops_cross, minmay_rat_hole
D:3:      layout_loops_ring, grunt_gozag_breadcrumbs,
          cheibrodos_sewer_entry_sluice
Sewer:    sewer_fruit_machine

Skill      XL: |  1  2  3  4  5 |
---------------+----------------+-----
Stealth        | 2 |  2.0
Fighting       | 1 2 |  2.1
Armour         | 1 2 |  2.0
Short Blades   | 1 |  1.0
Dodging        | 3 |  3.3
Spellcasting   | 3 |  3.0

Action                     |  1- 3 |  4- 6 || total
---------------------------+-------+-------++-------
   Cast: Magic Dart        |    82 |    89 ||   171
         Sandblast         |     1 |    25 ||    26
    Use: Scroll            |       |     5 ||     5
 Armour: Robe              |     1 |     3 ||     4
  Dodge: Dodged            |    14 |    28 ||    42

Table legend: (Time is in decaauts)
 A = Elapsed time spent in this place.
 B = Non-inter-level travel time spent in this place.
 C = Inter-level travel time spent in this place.
 D = Time resting spent in this place.
 E = Time spent auto-exploring this place.
 F = Levels seen in this place.
 G = Mean time per level.
                   A        B        C        D        E       F      G
               +--------+--------+--------+--------+--------+-----+--------+
         Total |   2471 |   2442 |     29 |     25 |   1952 |   4 |  617.8 |
       Dungeon |   2006 |   1977 |     29 |     19 |   1616 |   3 |  668.7 |
         Sewer |    465 |    465 |      0 |      6 |    336 |   1 |  465.0 |
               +--------+--------+--------+--------+--------+-----+--------+

Top non-repeatable levels by time:
     D:2: 970 daAuts
     D:1: 970 daAuts
   Sewer: 465 daAuts
     D:3: 65 daAuts
